 Dungeon Crawl Stone Soup version 0.31-a0-1301-g7e11add784 (webtiles) character file.

Game seed: 11150637996488077998

106917 Bnni the Earth Mage (level 17, -14/140 HPs)
             Began as a Formicid Earth Elementalist on Dec 19, 2023.
             Was the Champion of Cheibriados.
             Demolished by an ettin simulacrum (17 damage)
             ... in an ice cave.
             The game lasted 01:07:14 (24584 turns).

Bnni the Earth Mage (Formicid Earth Elementalist)  Turns: 24584, Time: 01:07:16

Health: -14/140    AC: 24    Str: 30    XL:     17   Next: 0%
Magic:  3/29       EV: 13    Int: 36    God:    Cheibriados [******]
Gold:   572        SH: 22    Dex: 29    Spells: 9/32 levels left

rFire   + . .        w - staff of conjuration
rCold   . . .        K - +0 tower shield
rNeg    . . .        S - +2 plate armour {rF+}
rPois   +            (helmet unavailable)
rElec   .            (no cloak)
rCorr   .            c - +2 pair of gloves
SInv    +            I - +0 pair of boots {Fly}
Will    +....        h - amulet of magic regeneration Stlth
                     k - +5 ring of evasion
HPRegen 0.43/turn    g - ring of poison resistance
MPRegen 0.61/turn

%: no passive effects
@: flying, studying Fighting, very slow
A: permanent stasis, dig shafts and tunnels, antennae 3, four strong arms
a: Dig, Renounce Religion, Bend Time, Temporal Distortion, Slouch, Step From
Time


You were in an ice cave.
You worshipped Cheibriados.
Cheibriados was exalted by your worship.
You visited 5 branches of the dungeon, and saw 24 of its levels.
You also visited: Ossuary, Ice Cave and Volcano.

You collected 2018 gold pieces.
You spent 1446 gold pieces at shops.

Inventory:

Hand Weapons
 F - a +2 demon whip of venom
 U - a +2 bardiche of flaming
Missiles
 z - 2 throwing nets
 J - 5 silver javelins
 L - 5 curare-tipped darts
Armour
 c - a +2 pair of gloves (worn)
 I - a +0 pair of boots of flying (worn)
 K - a +0 tower shield (worn)
 S - a +2 plate armour of fire resistance (worn)
Magical Staves
 w - a staff of conjuration (weapon)
Jewellery
 a - the ring of Royalty {rPois Str+5}
   (You found it on level 2 of the Dungeon)

   [ring of poison resistance]

   Str+5:     It affects your strength (+5).
   rPois:     It protects you from poison
 g - a ring of poison resistance (right hand)
 h - an amulet of magic regeneration (around neck)
 k - a +5 ring of evasion (left hand)
 r - a ring of ice
 x - a ring of resist corrosion
 y - a ring of protection from fire
 B - a +5 ring of evasion
 E - an amulet of regeneration
 N - a ring of positive energy
 V - the ring "Fatuwk Motu" {rF+ rC+ Str+6 Dex+3}
   (You bought it in a shop on level 2 of the Orcish Mines)

   [ring of strength]

   Str+6:     It affects your strength (+6).
   Dex+3:     It affects your dexterity (+3).
   rF+:       It protects you from fire.
   rC+:       It protects you from cold.
Wands
 f - a wand of paralysis (2)
 H - a wand of roots (9)
 P - a wand of flame (12)
Scrolls
 b - a scroll of brand weapon
 d - 4 scrolls of immolation
 e - 2 scrolls of fear
 j - 4 scrolls of poison
 n - 6 scrolls of enchant weapon
 q - a scroll of silence
 u - 2 scrolls of enchant armour
 C - 2 scrolls of butterflies
 G - 2 scrolls of fog
 M - a scroll of amnesia
Potions
 i - 5 potions of cancellation
 l - 2 potions of attraction
 m - 3 potions of enlightenment
 p - 3 potions of might
 s - 3 potions of mutation
 t - 8 potions of curing
 v - 6 potions of heal wounds
 A - 2 potions of resistance
 O - a potion of lignification {unknown}
 Q - a potion of brilliance {unknown}
 R - a potion of ambrosia
 T - a potion of magic
 W - a potion of haste


   Skills:
 + Level 14.5 Fighting
 * Level 14.9 Armour
 - Level 1.7 Dodging
 - Level 2.4 Stealth
 * Level 14.1 Shields
 - Level 8.0 Spellcasting
 - Level 5.0 Conjurations
 - Level 1.0 Summonings
 - Level 2.0 Transmutations
 + Level 16.4 Earth Magic
 - Level 14.0 Invocations


You had 9 spell levels left.
You knew the following spells:

 Your Spells              Type           Power      Damage    Failure   Level
a - Sandblast             Erth           100%       2d20      1%          1
b - Passwall              Tmut/Erth      57%        N/A       1%          2
c - Stone Arrow           Conj/Erth      100%       3d13      1%          3
d - Brom's Barrelling Bo  Conj/Erth      95%        2d10      4%          4
e - Lee's Rapid Deconstr  Erth           46%        3d22*     1%          5
g - Animate Armour        Summ/Erth      100%       N/A       10%         4
p - Petrify               Tmut/Erth      69%        N/A       8%          4

Your spell library contained the following spells:

 Spells                   Type           Power      Damage    Failure   Level
 Magic Dart               Conj           100%       1d8       4%          1
 Momentum Strike          Conj/Tloc      96%        3d10      19%         2
 Summon Small Mammal      Summ           84%        N/A       22%         1
 Call Imp                 Summ           42%        N/A       32%         2
 Hailstorm                Conj/Ice       48%        3d10      34%         3
 Cigotuvi's Dreadful Rot  Necr/Pois/Air  28%        N/A       45%         2
 Lesser Beckoning         Tloc           28%        N/A       45%         2
 Mephitic Cloud           Conj/Pois/Air  39%        N/A       45%         3
 Call Canine Familiar     Summ           21%        N/A       54%         3
 Ignite Poison            Fire/Tmut/Pois 19%        N/A       61%         3
 Summon Guardian Golem    Hex/Summ       18%        N/A       63%         3
 Inner Flame              Hex/Fire       14%        N/A       69%         3
 Tukima's Dance           Hex            14%        N/A       69%         3
 Flame Wave               Conj/Fire      48%        2d12      75%         4
 Iskenderun's Mystic Bla  Conj/Tloc      48%        2d11      75%         4
 Sticky Flame             Conj/Fire      48%        2d7       75%         4
 Summon Lightning Spire   Summ/Air       18%        N/A       95%         4
 Dimensional Bullseye     Hex/Tloc       7%         N/A       97%         4
 Freezing Cloud           Conj/Ice/Air   19%        6-21      99%         5
 Metabolic Englaciation   Hex/Ice        7%         N/A       100%        5
 Ozocubu's Refrigeration  Ice            7%         4d9       100%        7
 Blink                    Tloc           Unusable   N/A       N/A         2

Dungeon Overview and Level Annotations

Branches:
Dungeon (15/15)            Temple (1/1) D:4            Lair (5/5) D:10
 Shoals (0/4) Lair:2       Spider (1/4) Lair:2        Slime (0/5) Lair:5
    Orc (2/2) D:10            Elf (0/3) Orc:2        Vaults (0/5) D:13
 Depths (0/4) D:15        Ossuary (visited)           IceCv (1/1)
Volcano (visited)

Altars:
Ashenzari
Cheibriados
Dithmenos
Elyvilon
Fedhas
Gozag
Hepliaklqana
Kikubaaqudgha
Makhleb
Nemelex Xobeh
Okawaru
Qazlal
Ru
Sif Muna
Trog
Uskayaw
Vehumet
Wu Jian
Xom
Yredelemnul
Zin
The Shining One

Shops:
D:7 *   D:8 *   Orc:1 ?=   Orc:2 (=***

Annotations:
D:7 2 transporters, voshxx's ghost, novice DrFE


Innate Abilities, Weirdness & Mutations

You cannot be hasted, slowed, berserked, paralysed or teleported.
You can dig through walls and to a lower floor.
You have a pair of large antennae on your head. (SInv)
Your four strong arms can wield two-handed weapons with a shield.


Message History

You are too injured to fight recklessly!
Unknown command.
The golden dragon simulacrum bites your animated plate armour but does no damage.
The golden dragon simulacrum claws your animated plate armour but does no damage.
The golden dragon simulacrum tramples your animated plate armour but does no damage.
You block the ettin simulacrum's attack. x2
Unknown command.
Casting: Animate Armour (dangerous; 10% risk of failure)
Confirm with . or Enter, or press ? or * to list all spells.
Aiming: Lee's Rapid Deconstruction (mildly dangerous; 1% risk of failure)
Press: ? - help, Dir - move target, f/p - golden dragon simulacrum Fragment what (e.g. wall or brittle monster)?: a golden dragon simulacrum (severely damaged, ally target)
An ice choked empty arch of ancient stone.
The golden dragon simulacrum shatters!!!
The golden dragon simulacrum vaporises!
The icy blast hits the ettin simulacrum!!
The ettin simulacrum partially resists.
The ettin simulacrum is heavily damaged.
The icy blast hits your animated plate armour!!!
Your animated plate armour is almost destroyed.
Your animated plate armour disappears in a puff of smoke!
Your life force feels restored.
You have reached level 17!
You hit the ettin simulacrum but do no damage.
The ettin simulacrum is heavily damaged.
You block the ettin simulacrum's attack. x2
Your magical contamination has completely faded away.
Unknown command.
Aiming: Sandblast (safe; 1% risk of failure)
Press: ? - help, Q - select action, (/) - cycle Shift-Dir - straight line, f - ettin simulacrum
Aim: an ettin simulacrum (heavily damaged, 100% to hit)
The blast of sand hits the ettin simulacrum!
The ettin simulacrum is almost destroyed.
The ettin simulacrum hits you. The ettin simulacrum freezes you!!
* * * LOW HITPOINT WARNING * * *
The ettin simulacrum hits you but does no damage.
The ettin simulacrum hits you!
* * * LOW HITPOINT WARNING * * *
The ettin simulacrum freezes you!
You die...

#######
##.....# .,
##......#
°...#.......#
.......°Z.∩.#
....#....@..#
.,, ##......#
##.....#
#######


You could see an ettin simulacrum.

Vanquished Creatures
  Agnes (D:14)
  Louise (D:14)
  A caustic shrike simulacrum (IceCv)
  A catoblepas (D:13)
  An ironbound frostheart (D:13)
  A hydra (Lair:5)
  5 centaur warriors
  3 boulder beetles
  A deep troll shaman (Lair:5)
  3 two-headed ogres
  2 tengu warriors (D:15)
  2 death yaks (Lair:5)
  An orc high priest (Orc:2)
  Sonja (Lair:4)
  A skyshark (Lair:3)
  3 skeletal warriors
  2 obsidian statues
  An orc knight (Orc:2)
  An orange crystal statue (D:9)
  A wolf spider (D:13)
  An oklob plant (Lair:4)
  3 orc sorcerers
  A deep elf pyromancer (D:14)
  2 ugly things
  4 cyclopes
  2 black mambas (Lair:5)
  4 elephants
  A kobold blastminer (Orc:2)
  A molten gargoyle (Volcano)
  11 cane toads
  2 gargoyles
  3 unseen horrors
  An orange demon (D:11)
  4 kobold demonologists (D:9)
  2 efreet
  2 rime drakes
  An anaconda simulacrum (IceCv)
  2 golden dragon simulacra (IceCv)
  2 freezing wraiths
  5 komodo dragons
  4 trolls
  3 polar bears
  3 meliai (D:14)
  A meliai (shapeshifter) (D:14)
  A wolf spider simulacrum (D:14)
  2 nameless horrors (D:15)
  A spectral dream sheep (Lair:3)
  2 saltlings (Orc:2)
  18 blink frogs
  5 dream sheep
  A hornet (D:9)
  A jumping spider (Spider:1)
  7 yaks
  2 shadows
  3 wraiths
  4 wyverns
  2 vampires (D:11)
  2 basilisks (Lair:1)
  4 fire bats (Volcano)
  A warg (Orc:1)
  2 fire elementals (Volcano)
  A death yak simulacrum (Lair:3)
  A steam dragon (D:6)
  4 vampire mosquitoes
  An acid dragon (D:11)
  Duvessa (D:6)
  3 hydra simulacra (IceCv)
  12 water moccasins
  8 orc warriors
  An ice beast (D:7)
  A sky beast (shapeshifter) (D:14)
  An ettin simulacrum (IceCv)
  3 boggarts (D:14)
  6 ogres
  8 wolves
  17 centaurs
  2 phantoms (D:5)
  2 kobold brigands (D:9)
  7 bullfrogs
  A scorpion (D:6)
  An earth elemental (Volcano)
  Dowan (D:6)
  3 howler monkeys
  2 electric eels (D:10)
  6 lava snakes (Volcano)
  A jelly (D:7)
  4 quasits (D:7)
  5 centaur zombies (Ossuary)
  9 hounds
  7 orc priests
  A sleepcap (D:7)
  5 hell rats (Lair:5)
  Natasha (twice) (D:4)
  10 orc wizards
  7 mummies
  7 gnolls
  4 adders
  3 white imps
  2 ufetubi (D:6)
  A dart slug (D:3)
  35 orcs
  11 bats
  6 endoplasms
  4 giant cockroaches
  7 goblins
  5 hobgoblins
  6 kobolds
  7 ball pythons
  4 frilled lizards
  2 hobgoblin zombies (Ossuary)
  9 rats
413 creatures vanquished.

Vanquished Creatures (collateral kills)
  A storm dragon (D:14)
  The ghost of Xoh Arhiasm the Grappler, a journeyman TrWr of Uskayaw (Lair:3)
  2 stone giants
  Snorg (D:12)
  An ettin (Orc:2)
  A hydra (Lair:5)
  A vault guard (D:13)
  2 catoblepae
  A boulder beetle (D:14)
  Erica (Lair:1)
  A centaur warrior (D:13)
  A death knight (D:15)
  2 two-headed ogres (Orc:2)
  5 death yaks
  2 tengu warriors (D:15)
  An orc high priest (Orc:1)
  Amaemon (D:11)
  2 skeletal warriors
  A lindwurm (Lair:4)
  A spectral hydra (Lair:3)
  10 ugly things
  6 orc knights
  2 orc sorcerers (Orc:2)
  2 cyclopes
  A merfolk siren (Lair:2)
  2 kobold blastminers (Orc:2)
  18 elephants
  A torpor snail (Lair:1)
  A cane toad (Lair:4)
  2 efreet
  A rime drake (Lair:1)
  2 komodo dragons
  2 freezing wraiths (IceCv)
  A golden dragon simulacrum (IceCv)
  3 trolls
  2 alligator simulacra (IceCv)
  3 polar bears
  7 saltlings (Orc:2)
  5 blink frogs (Lair:3)
  4 dream sheep
  A wyvern (Lair:4)
  A wraith (D:12)
  29 yaks
  2 basilisks
  3 wargs
  4 humans (D:13)
  14 vampire mosquitoes
  A death yak simulacrum (Lair:3)
  A harpy simulacrum (IceCv)
  4 water moccasins
  An acid dragon (D:12)
  10 orc warriors
  2 ogres (Orc:2)
  A boggart (D:14)
  5 wolves
  A bullfrog (Lair:4)
  An earth elemental (Volcano)
  A gnoll sergeant (D:12)
  A cane toad simulacrum (Lair:3)
  3 killer bees (D:9)
  7 orc priests
  4 orc wizards
  3 gnolls (D:12)
  4 nameless horrors
  17 orcs
  5 boulders (D:11)
230 creatures vanquished.

Vanquished Creatures (others)
  A death yak (Lair:5)
  A spectral hydra (Lair:3)
  An orc wizard (Orc:1)
  4 boulders
7 creatures vanquished.

Grand Total: 650 creatures vanquished

Notes
Turn   | Place    | Note
-------+----------+-------------------------------------------
     0 | D:1      | Bnni the Formicid Earth Elementalist began the quest for
                  | the Orb.
     0 | D:1      | Reached XP level 1. HP: 13/13 MP: 3/3
   106 | D:1      | Reached XP level 2. HP: 20/20 MP: 0/5
   293 | D:1      | Reached skill level 4 in Earth Magic
   466 | D:1      | Reached XP level 3. HP: 25/25 MP: 4/6
   585 | D:1      | Reached skill level 1 in Fighting
   969 | D:2      | Identified the +1 leather armour of Generosity {rElec rCorr
                  | Int+3 Slay+2}
  1097 | D:2      | Identified the ring of Royalty {rPois Str+5}
  1277 | D:2      | Reached XP level 4. HP: 32/32 MP: 4/7
  1499 | D:2      | Found a faded altar of an unknown god.
  1499 | D:2      | Noticed a neqoxec
  2185 | D:3      | Got the Excursus on Firn
  2589 | D:4      | Found a sparkling altar of Nemelex Xobeh.
  2605 | D:4      | Found a sand-covered staircase.
  2634 | Ossuary  | Entered an ossuary
  2639 | Ossuary  | Reached skill level 5 in Earth Magic
  2639 | Ossuary  | Reached XP level 5. HP: 38/38 MP: 5/9
  2668 | Ossuary  | Reached XP level 6. HP: 13/46 MP: 1/10
  2809 | Ossuary  | Reached skill level 6 in Earth Magic
  2901 | Ossuary  | Learned a level 2 spell: Passwall
  2905 | Ossuary  | Learned a level 3 spell: Stone Arrow
  2919 | Ossuary  | Learned a level 4 spell: Brom's Barrelling Boulder
  3010 | D:4      | Noticed a water moccasin
  3014 | D:4      | Killed a water moccasin
  3015 | D:4      | Reached XP level 7. HP: 52/52 MP: 9/12
  3128 | D:4      | Noticed Natasha
  3130 | D:4      | Killed Natasha
  3131 | D:4      | Reached skill level 1 in Conjurations
  3184 | D:4      | Found a staircase to the Ecumenical Temple.
  3190 | Temple   | Entered the Ecumenical Temple
  3406 | D:4      | Noticed Natasha
  3410 | D:4      | Killed Natasha
  3481 | D:4      | Found a basalt altar of Yredelemnul.
  3484 | D:4      | Found an iron altar of Okawaru.
  3484 | D:4      | Found an ancient bone altar of Kikubaaqudgha.
  3500 | D:4      | Found a broken altar of Ashenzari.
  3503 | D:4      | Found a bloodstained altar of Trog.
  3547 | D:5      | Entered Level 5 of the Dungeon
  3551 | D:5      | Reached skill level 7 in Earth Magic
  3720 | D:5      | Found a stormy altar of Qazlal.
  3724 | D:5      | Found a blossoming altar of Fedhas.
  3727 | D:5      | Reached XP level 8. HP: 60/60 MP: 10/14
  3813 | D:5      | Found a shimmering altar of Xom.
  3926 | D:5      | Reached skill level 8 in Earth Magic
  4483 | D:6      | Noticed Duvessa
  4485 | D:6      | Noticed Dowan
  4487 | D:6      | Killed Duvessa
  4489 | D:6      | Killed Dowan
  4537 | D:6      | Found a snail-covered altar of Cheibriados.
  4552 | D:6      | Became a worshipper of Cheibriados the Contemplative
  4576 | D:6      | Reached skill level 5 in Spellcasting
  4764 | D:6      | Reached skill level 1 in Invocations
  4766 | D:6      | Reached skill level 5 in Fighting
  4766 | D:6      | Reached skill level 9 in Earth Magic
  4766 | D:6      | Reached XP level 9. HP: 37/68 MP: 9/16
  4894 | D:6      | Found a sacrificial altar of Ru.
  4959 | D:6      | Found an opulent altar of Gozag.
  4973 | D:6      | Reached * piety under Cheibriados
  5433 | D:7      | Noticed an arcanist
  5436 | D:7      | Found a transporter.
  5437 | D:7      | Noticed voshxx's ghost (novice DrFE)
  5836 | D:7      | Found a transporter.
  6071 | D:7      | Found Sosoinwo's General Store.
  6097 | D:7      | Bought a scroll of identify for 26 gold pieces
  6193 | D:7      | Reached skill level 10 in Earth Magic
  6195 | D:7      | Reached ** piety under Cheibriados
  6427 | D:8      | Found Iitzauf's Incredible Inventory.
  7069 | D:8      | Bought a book of Iron for 448 gold pieces
  7075 | D:8      | Learned a level 5 spell: Lee's Rapid Deconstruction
  7080 | D:8      | Learned a level 4 spell: Animate Armour
  7135 | D:9      | Noticed a two-headed ogre
  7139 | D:9      | Killed a two-headed ogre
  7140 | D:9      | Reached skill level 1 in Summonings
  7140 | D:9      | Reached XP level 10. HP: 77/77 MP: 15/19
  7200 | D:9      | Noticed an obsidian statue
  7282 | D:9      | Noticed a kobold demonologist
  7286 | D:9      | Noticed a kobold demonologist
  7288 | D:9      | Noticed a kobold demonologist
  7294 | D:9      | Noticed an orange demon
  7296 | D:9      | Killed a kobold demonologist
  7297 | D:9      | Reached skill level 1 in Armour
  7297 | D:9      | Reached skill level 11 in Earth Magic
  7301 | D:9      | Noticed an orange demon
  7301 | D:9      | Killed a kobold demonologist
  7302 | D:9      | Killed a kobold demonologist
  7310 | D:9      | Reached *** piety under Cheibriados
  7488 | D:9      | Noticed a two-headed ogre
  7494 | D:9      | Killed a two-headed ogre
  7495 | D:9      | Reached skill level 5 in Conjurations
  7495 | D:9      | Reached skill level 5 in Invocations
  7810 | D:9      | Noticed a kobold demonologist
  7811 | D:9      | Noticed a rust devil
  7833 | D:9      | Killed a kobold demonologist
  7941 | D:9      | Noticed an orange crystal statue
  7966 | D:9      | Noticed a two-headed ogre
  7966 | D:9      | Killed an orange crystal statue
  7967 | D:9      | Reached XP level 11. HP: 82/84 MP: 5/21
  8548 | D:9      | Killed an obsidian statue
  8549 | D:9      | Reached skill level 12 in Earth Magic
  8564 | D:9      | Learned a level 4 spell: Petrify
  8654 | D:10     | Entered Level 10 of the Dungeon
  8889 | D:10     | Found a staircase to the Orcish Mines.
  9276 | D:10     | Reached **** piety under Cheibriados
  9335 | D:10     | Found a staircase to the Lair.
  9345 | D:10     | Reached skill level 5 in Armour
  9453 | D:10     | Found a glowing silver altar of Zin.
 10148 | D:11     | Found a bloodstained altar of Trog.
 10161 | D:11     | Noticed Amaemon
 10167 | D:11     | Killed Amaemon
 10482 | D:11     | Noticed a cyclops
 10498 | D:11     | Noticed a cyclops
 10500 | D:11     | Killed a cyclops
 10501 | D:11     | Reached XP level 12. HP: 75/94 MP: 1/23
 11235 | D:12     | Reached ***** piety under Cheibriados
 11451 | D:12     | Noticed a boulder beetle
 11472 | D:12     | Killed a boulder beetle
 11511 | D:12     | Noticed Snorg
 11515 | D:12     | Killed Snorg
 11516 | D:12     | Reached skill level 13 in Earth Magic
 12073 | D:13     | Reached skill level 10 in Invocations
 12073 | D:13     | Noticed a centaur warrior
 12076 | D:13     | Killed a centaur warrior
 12320 | D:13     | Noticed a centaur warrior
 12323 | D:13     | Noticed an ironbound frostheart
 12324 | D:13     | Killed a centaur warrior
 12326 | D:13     | Killed an ironbound frostheart
 12327 | D:13     | Reached XP level 13. HP: 79/101 MP: 11/25
 12327 | D:13     | Noticed a vault guard
 12337 | D:13     | Killed a vault guard
 12437 | D:13     | Found a gate to the Vaults.
 12459 | D:13     | Noticed a catoblepas
 12463 | D:13     | Killed a catoblepas
 12891 | D:13     | Noticed a centaur warrior
 12894 | D:13     | Killed a centaur warrior
 13311 | D:14     | Reached skill level 10 in Armour
 13319 | D:13     | Reached skill level 10 in Fighting
 13518 | D:14     | Noticed a centaur warrior
 13528 | D:14     | Killed a centaur warrior
 13712 | D:14     | Noticed Agnes
 13714 | D:14     | Killed Agnes
 13841 | D:14     | Noticed a storm dragon
 13848 | D:14     | Killed a storm dragon
 13872 | D:14     | Noticed a centaur warrior
 13875 | D:14     | Killed a centaur warrior
 13913 | D:14     | Reached skill level 14 in Earth Magic
 14029 | D:14     | Identified the +10 hand axe of Wicuj {flame, Int+2 Dex+7}
 14152 | D:14     | Noticed Louise
 14156 | D:14     | Noticed a centaur warrior
 14174 | D:14     | You are sucked into a shaft and drop 1 floor!
 14174 | D:15     | Entered Level 15 of the Dungeon
 14270 | D:15     | Identified the +1 robe of the Lair of Beasts {Harm +Inv
                  | MP+9 Int+3}
 14332 | D:15     | Reached skill level 1 in Shields
 14332 | D:15     | Reached XP level 14. HP: 64/111 MP: 18/26
 14578 | D:14     | Killed Louise
 15325 | D:15     | Reached skill level 5 in Shields
 15569 | D:15     | Found a staircase to the Depths.
 15569 | D:15     | Noticed a stone giant
 15587 | D:15     | Killed a stone giant
 16112 | Lair:1   | Entered Level 1 of the Lair of Beasts
 16485 | Lair:1   | Noticed Erica
 16493 | Lair:1   | Killed Erica
 17311 | Lair:2   | Found a hole to the Spider Nest.
 17904 | Lair:2   | Found a staircase to the Shoals.
 18119 | Lair:3   | Reached XP level 15. HP: 119/119 MP: 23/27
 18249 | Lair:3   | Found a runed translucent gate.
 18249 | Lair:3   | Found a runed translucent gate.
 18249 | Lair:3   | Found a runed translucent gate.
 18257 | Lair:3   | Noticed Xoh Arhiasm's ghost (journeyman TrWr)
 18363 | Lair:3   | Reached ****** piety under Cheibriados
 18512 | Lair:3   | Reached skill level 15 in Earth Magic
 19073 | Lair:3   | Killed Xoh Arhiasm's ghost
 19489 | Lair:4   | Reached skill level 10 in Shields
 19520 | Lair:4   | Found a dark tunnel.
 19592 | Volcano  | Entered a volcano
 19664 | Volcano  | Noticed a stone giant
 19670 | Volcano  | Killed a stone giant
 19850 | Volcano  | Found a bloodstained altar of Trog.
 19887 | Volcano  | Found a radiant altar of Vehumet.
 20354 | Lair:4   | Found an iron altar of Okawaru.
 20474 | Lair:4   | Noticed Sonja
 20475 | Lair:4   | Killed Sonja
 21150 | Lair:5   | Entered Level 5 of the Lair of Beasts
 21317 | Lair:5   | Reached XP level 16. HP: 127/129 MP: 24/28
 21468 | Lair:5   | Found a blossoming altar of Fedhas.
 21470 | Lair:5   | Found a staircase to the Slime Pits.
 22235 | Lair:5   | Reached skill level 16 in Earth Magic
 22687 | Orc:1    | Entered Level 1 of the Orcish Mines
 22687 | Orc:1    | Found Zioprer's Magic Scroll Boutique.
 22689 | Orc:1    | Found Ixir's Jewellery Shop.
 23152 | Orc:2    | Entered Level 2 of the Orcish Mines
 23152 | Orc:2    | Found a staircase to the Elven Halls.
 23708 | Orc:2    | Found Wafega's Assorted Antiques.
 23716 | Orc:2    | Bought a scroll labelled XYRUKE YMOIKYI for 28 gold pieces
 24051 | Orc:2    | Found Maam's General Store.
 24057 | Orc:2    | Bought a scroll of identify for 22 gold pieces
 24117 | Orc:2    | Found Sief Boj's Jewellery Boutique.
 24119 | Orc:2    | Found Leixtai's Assorted Antiques.
 24125 | Orc:2    | Bought a fizzy clear potion for 21 gold pieces
 24304 | Orc:2    | Found Kihaorch's Weapon Shop.
 24368 | Orc:2    | Bought the ring "Fatuwk Motu" {rF+ rC+ Str+6 Dex+3} for 759
                  | gold pieces
 24373 | Orc:2    | Bought a coral ring for 120 gold pieces
 24430 | Orc:1    | Bought a scroll of identify for 22 gold pieces
 24496 | Spider:1 | Entered Level 1 of the Spider Nest
 24532 | Spider:1 | Found a frozen archway.
 24542 | IceCv    | Entered an ice cave
 24583 | IceCv    | Reached XP level 17. HP: 54/140 MP: 2/29
 24584 | IceCv    | HP: 3/140 [ettin simulacrum (13)]
 24584 | IceCv    | Demolished by an ettin simulacrum

Illustrated notes

Levels and vault maps discovered:
D:1:      doesnt_arrival_eight_statues, layout_rooms, minmay_tripent
D:2:      wad_pebble_path, layout_loops_ring,
          dreamdust_ecumenical_altar_sealed_demon
D:3:      layout_loops_ring, hangedman_decor_push
D:4:      layout_rooms, nemelex_diamond_rough_becter,
          minmay_overflow_temple_star_hex, minmay_temple_entry_statues,
          gup_ossuary_entry_pyramid, hangedman_glass_teeth, uniq_natasha
D:5:      layout_basic, grunt_temple_overflow_forces_of_nature,
          mainiacjoe_overflow_chevrons
D:6:      layout_rooms, nicolae_gozag_seed_capital, slow_altar_1,
          mainiacjoe_overflow_six_doors_small, serial_glass, glass_columns_a,
          glass_columns_a, uniq_duvessa
D:7:      cheibrodos_quashed, layout_basic, serial_shops,
          nicolae_shop_window_shopping, gammafunk_ghost_arena
D:8:      layout_loops_ring, nicolae_alphabet_shops
D:9:      minmay_separated_statues, layout_basic
D:10:     layout_basic, kennysheep_mini_moat, erik_lair_island, david_orc_2
D:11:     layout_rooms, bloody_trog, uniq_amaemon
D:12:     layout_gridville, minivault_16, uniq_snorg
D:13:     layout_loops_corners, hellmonk_vaults_keyhole, serial_aquarium,
          aquarium_bridge_square [aquarium_subvault_bridge,
          aquarium_subvault_bridge, aquarium_subvault_wall,
          aquarium_subvault_bridge], aquarium_window_fake, aquarium_window_fake,
          aquarium_view_2f, aquarium_pool_2, small_chamber_with_monster
D:14:     layout_roguey, minivault_4, kennysheep_just_a_vault, uniq_louise,
          uniq_agnes
D:15:     grunt_enter_depths_snipers, layout_long_grid,
          nicolae_concentric_dashed_squares_mild
Temple:   nicolae_temple_bog_church
Lair:1:   layout_cave_pods, minivault_11, uniq_erica
Lair:2:   layout_long_grid, mainiacjoe_shoals_entry_four_pools,
          dummy_spider_entry, lemuel_fruit_fields
Lair:3:   layout_roguey, gammafunk_ghost_necromancy, beast_lair_carwin_7
Lair:4:   layout_cave_pods, nicolae_volcano_entry_vermiform, basic_altar,
          serial_bayou_pond_c, uniq_sonja
Lair:5:   grunt_lair_end_beastmaster, layout_small_grid, slime_entry_1,
          basic_altar
Spider:1: layout_spider_delve, portal_ice_cave_entry_pillars_1, uniq_frances
Orc:1:    layout_diamond_mine, serial_shops, nicolae_shop_peninsula,
          nicolae_shop_getting_attention, shop, shop
Orc:2:    hellmonk_orc_salted, layout_caves, serial_shops, shop
IceCv:    ice_cave_statue_garden_chambered

Skill      XL: |  1  2  3  4  5  6  7  8  9 10 11 12 13 14 15 16 |
---------------+-------------------------------------------------+-----
Earth Magic    | 4 5 6 7 9 10 11 12 13 14 15 16 | 16.4
Fighting       | 1 2 3 4 5 6 7 8 9 10 11 12 14 | 14.5
Transmutations | 2 |  2.0
Spellcasting   | 3 4 5 6 7 8 |  8.0
Conjurations   | 1 3 4 5 |  5.0
Invocations    | 1 4 5 8 10 12 14 | 14.0
Summonings     | 1 |  1.0
Armour         | 3 6 9 11 12 13 14 | 14.9
Shields        | 1 7 11 14 | 14.1
Dodging        | |  1.7
Stealth        | |  2.4

Action                     |  1- 3 |  4- 6 |  7- 9 | 10-12 | 13-15 | 16-18 || total
---------------------------+-------+-------+-------+-------+-------+-------++-------
  Melee: Unarmed           |     7 |       |       |       |       |       ||     7
         Club              |     6 |       |       |       |       |       ||     6
         Punch             |     1 |     1 |       |     1 |       |       ||     3
         Dagger            |       |    30 |       |       |       |       ||    30
         Staff             |       |       |     1 |    76 |   304 |   218 ||   599
         Demon whip        |       |       |       |     7 |    35 |       ||    42
   Cast: Sandblast         |    49 |    66 |   140 |   120 |   325 |   135 ||   835
         Animate Armour    |       |       |       |    30 |    63 |    32 ||   125
         Lee's Rapid Decon |       |       |       |    19 |    31 |    15 ||    65
         Brom's Barrelling |       |       |       |    10 |       |     1 ||    11
         Stone Arrow       |       |       |       |     8 |    13 |    21 ||    42
         Petrify           |       |       |       |     1 |     3 |       ||     4
 Invoke: Slouch            |       |       |       |     1 |     6 |     1 ||     8
         Temporal Distorti |       |       |       |     1 |       |       ||     1
Ability: Dig               |       |       |     1 |     1 |       |     2 ||     4
         Shaft Self        |       |       |       |       |     1 |       ||     1
  Evoke: Wand              |       |       |       |       |     1 |       ||     1
    Use: Scroll            |       |       |    10 |     5 |    10 |     4 ||    29
         Potion            |       |       |       |     1 |     5 |       ||     6
   Stab: Sleeping          |       |       |     1 |       |       |       ||     1
         Distracted        |       |       |       |       |     2 |     1 ||     3
         Petrified         |       |       |       |       |    13 |     4 ||    17
         Petrifying        |       |       |       |       |       |     1 ||     1
 Armour: Robe              |    18 |       |       |       |       |       ||    18
         Leather armour    |     1 |    72 |    43 |    53 |       |       ||   169
         Plate armour      |       |       |       |    24 |    65 |   181 ||   270
         Chain mail        |       |       |       |    76 |   346 |       ||   422
  Dodge: Dodged            |    25 |   113 |    85 |   278 |   464 |   256 ||  1221
  Block: Tower shield      |       |       |       |       |   842 |   694 ||  1536

Table legend: (Time is in decaauts)
 A = Elapsed time spent in this place.
 B = Non-inter-level travel time spent in this place.
 C = Inter-level travel time spent in this place.
 D = Time resting spent in this place.
 E = Time spent auto-exploring this place.
 F = Levels seen in this place.
 G = Mean time per level.
                   A        B        C        D        E       F      G
               +--------+--------+--------+--------+--------+-----+--------+
         Total |  33928 |  32195 |   1733 |   2410 |  24058 |  27 | 1256.6 |
       Dungeon |  20535 |  19427 |   1108 |   1469 |  15091 |  15 | 1369.0 |
        Temple |      1 |      1 |      0 |      0 |      0 |   1 |    1.0 |
          Lair |   9706 |   9274 |    432 |    574 |   6995 |   5 | 1941.2 |
   Spider Nest |     86 |     86 |      0 |      0 |      0 |   1 |   86.0 |
  Orcish Mines |   2691 |   2499 |    192 |      0 |   1972 |   2 | 1345.5 |
       Ossuary |    383 |    383 |      0 |    229 |      0 |   1 |  383.0 |
      Ice Cave |     45 |     45 |      0 |      0 |      0 |   1 |   45.0 |
       Volcano |    477 |    477 |      0 |    138 |      0 |   1 |  477.0 |
               +--------+--------+--------+--------+--------+-----+--------+

Top non-repeatable levels by time:
    D:13: 2294 daAuts
  Lair:4: 2234 daAuts
     D:9: 2167 daAuts
  Lair:5: 2129 daAuts
  Lair:3: 2055 daAuts
   Orc:2: 1971 daAuts
  Lair:1: 1954 daAuts
    D:10: 1935 daAuts
    D:15: 1869 daAuts
    D:12: 1736 daAuts
    D:14: 1675 daAuts
     D:7: 1481 daAuts
  Lair:2: 1332 daAuts
    D:11: 1201 daAuts
     D:8: 1120 daAuts
